 Dungeon Crawl Stone Soup version 0.29.1 (webtiles) character file.

Game seed: 2593631088124733123

79 Marcotte the Conjurer (level 4, -9/24 HPs)
             Began as a Deep Elf Conjurer on Sept 12, 2022.
             Mangled by Edmund
             ... wielding a +0 dire flail of holy wrath
              (10 damage)
             ... on level 5 of the Dungeon.
             The game lasted 00:14:43 (4101 turns).

Marcotte the Conjurer (Deep Elf Conjurer)           Turns: 4101, Time: 00:14:43

Health: -9/24      AC:  2    Str:  4    XL:     4   Next: 16%
Magic:  4/11       EV: 13    Int: 25    God:
Gold:   170        SH:  0    Dex: 13    Spells: 3/10 levels left

rFire   . . .      SeeInvis .   (no weapon)
rCold   . . .      Faith    .   (no shield)
rNeg    . . .      Spirit   .   a - +0 robe
rPois   .          Reflect  .   (no helmet)
rElec   .          Harm     .   (no cloak)
rCorr   .          Rampage  .   (no gloves)
Will    .....                   (no boots)
Stlth   ++........              (no amulet)
HPRegen 0.08/turn               (no ring)
MPRegen 0.12/turn               (no ring)

@: no status effects
A: no striking features
a: no special abilities


You were on level 5 of the Dungeon.
You visited 1 branch of the dungeon, and saw 4 of its levels.

You collected 170 gold pieces.

Inventory:

Armour
 a - a +0 robe (worn)
Scrolls
 d - a scroll of amnesia {unknown}
 e - 2 scrolls of identify {unknown}
 f - 2 scrolls of poison {unknown}
 i - a scroll of enchant armour {unknown}
 j - a scroll of fog {unknown}
 k - a scroll of vulnerability {unknown}
Potions
 b - a potion of magic
 c - 2 potions of curing
 g - a potion of degeneration {unknown}
 h - a potion of lignification {unknown}
 l - a potion of mutation {unknown}


   Skills:
 + Level 0.3 Fighting
 + Level 3.4 Dodging
 + Level 3.1 Stealth
 + Level 0.2 Unarmed Combat
 + Level 3.8 Spellcasting
 + Level 5.1 Conjurations


You had 3 spell levels left.
You knew the following spells:

 Your Spells              Type           Power      Damage    Failure   Level
a - Magic Dart            Conj           100%       1d8       1%          1
b - Searing Ray           Conj           60%        2d6       1%          2
c - Iskenderun's Mystic   Conj/Tloc      17%        2d5       32%         4

Your spell library contained the following spells:

 Spells                   Type           Power      Damage    Failure   Level
 Dazzling Flash           Conj/Hex       34%        N/A       10%         3
 Fulminant Prism          Conj/Hex       8%         3d7       32%         4


Dungeon Overview and Level Annotations

Branches:
Dungeon (5/15)             Temple (0/1) D:5

Altars:

Shops:
D:1 [(

Annotations:
D:3 Robin
D:5 Edmund


Message History

Robin roars a battlecry!
The goblins go into a battle-frenzy!
The searing ray misses the goblin.
The searing ray hits the hobgoblin!
You kill the hobgoblin!
The searing ray hits the goblin!
You kill the goblin!
A goblin comes into view. It is wielding a +0 club.
The goblin hits you with a +0 club. The goblin attacks as you move away!
The goblin hits you with a +0 club.
A goblin comes into view. It is wielding a +0 club.
The goblin shouts! x2
The goblin attacks as you move away! The goblin hits you with a +0 club.
The goblin attacks as you move away! The goblin closely misses you.
A sourceless malevolence fills the Dungeon...
You fall into a shaft and drop 2 floors!
The shaft crumbles and collapses.
Found 8 stones, a robe and 4 gold pieces.
Found a staircase to the Ecumenical Temple.
Edmund the Younger comes into view.
He is wielding a +0 dire flail of holy wrath.
Edmund shouts!
Casting: Searing Ray (safe; 1% risk of failure)
Confirm with . or Enter, or press ? or * to list all spells.
Aiming: Searing Ray (safe; 1% risk of failure)
Press: ? - help, Shift-Dir - straight line, f - Edmund
Aim: Edmund, wielding a +0 dire flail of holy wrath and wearing a +0 ring mail (82% to hit)
The searing ray hits Edmund.
Edmund is lightly wounded. (Press . to maintain the ray.)
An adder comes into view.
The searing ray hits Edmund.
Edmund is lightly wounded.
The searing ray misses Edmund.
Edmund hits you with a +0 dire flail of holy wrath!
* * * LOW HITPOINT WARNING * * *
The searing ray hits Edmund.
Edmund is moderately wounded.
You finish channelling your searing ray.
Edmund completely misses you.
Edmund hits you with a +0 dire flail of holy wrath!
You die...

.....$###
#.......#####
#.[.........#
#............
#............
#............
#.....8(8.8..
#......⌠.⌠..#
#....@8.>.8.#
#####@.⌠.⌠..#
..8.8.8.#
#.........
#..######.
#... ####


You could see Edmund.

Vanquished Creatures
  2 adders
  2 dart slugs (D:1)
  6 bats (D:1)
  An endoplasm (D:1)
  A giant cockroach (D:2)
  5 hobgoblins
  7 jackals (D:1)
  8 ball pythons
  5 frilled lizards
  10 goblins
  3 kobolds
  3 rats
53 creatures vanquished.

Notes
Turn   | Place    | Note
-------+----------+-------------------------------------------
     0 | D:1      | Marcotte the Deep Elf Conjurer began the quest for the Orb.
     0 | D:1      | Reached XP level 1. HP: 10/10 MP: 6/6
   445 | D:1      | Reached XP level 2. HP: 15/15 MP: 4/8
   448 | D:1      | Learned a level 2 spell: Searing Ray
  1363 | D:1      | Reached XP level 3. HP: 19/19 MP: 3/9
  1459 | D:1      | Found Gyply's Weapon Shop.
  1561 | D:1      | Found Rocaonon's Armour Boutique.
  2157 | D:2      | Reached skill level 5 in Conjurations
  3497 | D:2      | 3
  3536 | D:3      | Reached XP level 4. HP: 24/24 MP: 5/11
  3588 | D:3      | Learned a level 4 spell: Iskenderun's Mystic Blast
  3597 | D:3      | Found a faded altar of an unknown god.
  4086 | D:3      | Noticed Robin
  4092 | D:3      | You fall into a shaft and drop 2 floors!
  4092 | D:5      | Entered Level 5 of the Dungeon
  4092 | D:5      | Found a staircase to the Ecumenical Temple.
  4095 | D:5      | Noticed Edmund
  4099 | D:5      | HP: 1/24 [Edmund/+0 dire flail of holy wrath (8)]
  4101 | D:5      | Mangled by Edmund

Illustrated notes

#.########.#
#.#...<..#.#
#.#.####.#.#
#####.#.# #.#.#####
....#.#.# #.#.....#
###.#(#.####.#####.#
....#'#.##.#.......#
........##.#########
#........#......@..#
........##########.#
#..............# #.#
........######.# #.#
#...###.#......# #.#
#...###+#'###### #.#
#....>......# #.#
............# #.#
###.........######.#


Turn 3497 on D:2: 3

Levels and vault maps discovered:
D:1:      tarquinn_simple_flora_water_d, layout_rooms, serial_shops,
          nicolae_shop_crystal, nicolae_shop_bloodbath_and_beyond
D:2:      layout_basic, minmay_misc_feat_rows
D:3:      layout_basic, nicolae_uskayaw_dance_hall,
          hellmonk_ecumenical_altar_arch_garden, dilly_guarded_unrand_throatcut,
          uniq_robin
D:5:      layout_basic, nicolae_dithmenos_the_darkroom,
          minmay_temple_entry_statues_fountains, minmay_quadrilaterals,
          uniq_grinder, uniq_edmund

Skill      XL: |  1  2  3  4 |
---------------+-------------+-----
Dodging        | 3 |  3.4
Conjurations   | 5 |  5.1
Stealth        | 3 |  3.1
Fighting       | |  0.3
Unarmed Combat | |  0.2
Spellcasting   | |  3.8

Action                   |  1- 3 |  4- 6 || total
-------------------------+-------+-------++-------
Melee: Unarmed           |    34 |       ||    34
 Cast: Magic Dart        |    36 |     2 ||    38
       Searing Ray       |    24 |     5 ||    29
       Iskenderun's Myst |       |     1 ||     1
  Use: Potion            |     1 |       ||     1
 Stab: Sleeping          |     2 |       ||     2
Armor: Robe              |    26 |       ||    26
Dodge: Dodged            |    70 |    10 ||    80
